 Dungeon Crawl Stone Soup version 0.29-a0-878-g7b45a56547 (webtiles) character file.

Game seed: 5785462885598858573

6953 Gargoyl the Cleaver (level 11, -2/68 HPs)
             Began as a Gargoyle Berserker on July 20, 2022.
             Was a Priest of Trog.
             Slain by a rakshasa
             ... wielding a +0 long sword
              (9 damage)
             ... on level 8 of the Dungeon.
             The game lasted 00:13:31 (8873 turns).

Gargoyl the Cleaver (Gargoyle Berserker)            Turns: 8873, Time: 00:13:32

Health: -2/68      AC: 23    Str: 23    XL:     11   Next: 7%
Magic:  11/11      EV:  8    Int:  8    God:    Trog [***...]
Gold:   193        SH: 17    Dex: 11    Spells: 10/10 levels left

rFire   + . .      SeeInvis .   a - +2 hand axe
rCold   + . .      Faith    .   G - +2 kite shield
rNeg    + . .      Spirit   .   e - +0 chain mail
rPois   ∞          Reflect  +   f - +0 helmet
rElec   +          Harm     .   c - scarf {rC+ rF+}
rCorr   .          Rampage  .   I - +2 pair of gloves
Will    .....      Clarity  +   (no boots)
Stlth   ..........              r - amulet of reflection
HPRegen 0.21/turn               (no ring)
MPRegen 0.12/turn               (no ring)

@: on berserk cooldown, slowed, very slow
A: sickness immunity, AC +8, negative energy resistance 1, electricity
resistance, torment resistance 1, petrification resistance, clarity
a: Renounce Religion, Berserk, Trog's Hand


You were on level 8 of the Dungeon.
You worshipped Trog.
Trog was most pleased with you.
You visited 1 branch of the dungeon, and saw 8 of its levels.

You collected 553 gold pieces.
You spent 360 gold pieces at shops.

Inventory:

Hand Weapons
 a - a +2 hand axe (weapon)
 b - a +2 dagger of flaming
Missiles
 j - 40 poisoned darts (quivered)
 E - 2 throwing nets
Armour
 c - a scarf of resistance (worn)
 e - a +0 chain mail (worn)
 f - a +0 helmet (worn)
 G - a +2 kite shield (worn)
 I - a +2 pair of gloves (worn)
Jewellery
 r - an amulet of reflection (around neck)
 t - an amulet of faith
 y - a ring of ice
 D - a +6 ring of intelligence
Wands
 i - a wand of charming (1)
 l - a wand of digging (9)
 s - a wand of polymorph (12)
 u - a wand of flame (22)
 z - a wand of light (7)
Scrolls
 d - 5 scrolls of fog
 q - 2 scrolls of identify
 w - 3 scrolls of teleportation
 C - a scroll of blinking
 F - 2 scrolls of poison
Potions
 g - 3 potions of cancellation
 h - 2 potions of lignification
 n - a potion of magic
 o - 2 potions of haste
 p - 2 potions of berserk rage
 v - 3 potions of flight
 x - a potion of might
 A - a potion of resistance
 B - 3 potions of attraction {unknown}
 H - a potion of brilliance {unknown}


   Skills:
 + Level 7.7 Fighting
 + Level 1.7 Short Blades
 + Level 10.1 Axes
 + Level 2.2 Throwing
 + Level 7.3 Armour
 + Level 3.3 Dodging
 + Level 0.6 Stealth
 + Level 8.4 Shields


You had 10 spell levels left.
You didn't know any spells.
Your spell library was empty.

Dungeon Overview and Level Annotations

Branches:
Dungeon (8/15)             Temple (0/1) D:7
   Lair: D:8-11

Altars:
Cheibriados
Dithmenos
Fedhas
Makhleb
Okawaru
Qazlal
Uskayaw
Yredelemnul

Shops:
D:2 [   D:4 [   D:7 [


Innate Abilities, Weirdness & Mutations

You are immune to sickness and miasma.
Your stone body is resilient. (AC +8)
You are immune to poison.
You resist negative energy. (rN+)
You are resistant to electric shocks. (rElec)
You are resistant to unholy torment.
You are immune to petrification.
You possess an exceptional clarity of mind.


Message History

The white ugly thing gores you but does no damage.
Unknown command.
You slash the white ugly thing!
You kill the white ugly thing!
Trog accepts your kill.
Unknown command.
You slash the white ugly thing!
You kill the white ugly thing!
The white ugly thing's corpse shimmers and vanishes!
Unknown command.
You slash the rakshasa!
The rakshasa is severely wounded.
The injured rakshasa weaves a defensive illusion!
Unknown command.
You hit the rakshasa.
The rakshasa is almost dead.
The rakshasa blinks!
Unknown command.
You are no longer berserk.
You are exhausted.
You feel yourself slow down.
Your skin stops crawling.
You feel less strong-willed. You block the rakshasa's attack.
The rakshasa hits you with a +0 long sword!
* * * LOW HITPOINT WARNING * * *
You see here an ugly thing corpse.
You feel better. The rakshasa gestures at you. The lance of force hits you.
* * * LOW HITPOINT WARNING * * *
You are knocked back by the lance of force.
You slam into the metal wall!
The rakshasa hits you with a +0 long sword.
* * * LOW HITPOINT WARNING * * *
The rakshasa blinks!
The air fills with toxic fumes!
As you read the scroll of poison, it crumbles to dust.
You block the rakshasa's attack.
The rakshasa hits you with a +0 long sword!
You die...

.#####################.#
.##....#### ####§#####.#
.#...###..# #..#§#..##.#
.#..##....# #.[#§§..##.#
.#.##..[.#####.#§#####.#
.#.#.....#.....§§§...#.#
.#.#.)..##.#####§#)###.#
.#.....##..##§uRR#..##.#
.#...###...##..#@#..##.#
.##.......######§#####.#
.#####.##### *#§## #.#
.#.........# *#§#§## #.#
.#.#.#####.#*#.###.###.#
.#.#.......##.##,##.##.#
.#.#.###.#.#.##[,=##.#.#
.#.#.#...#.#.#.D#D.#.#.##
.#.#.#.#§#.#,*#uuR##.#..#


You could see a white ugly thing and 2 rakshasas.

Vanquished Creatures
  A boulder beetle (D:8)
  An ugly thing (D:8)
  Maurice (D:7)
  Grinder (D:3)
  4 yaks (D:8)
  Eustachio (D:5)
  2 wyverns (D:8)
  2 steam dragons (D:8)
  3 water moccasins
  A black bear (D:5)
  An ice beast (D:7)
  2 orc warriors (D:7)
  2 sky beasts (D:8)
  2 ogres
  2 centaurs (D:8)
  3 phantoms
  3 kobold brigands
  6 bullfrogs
  2 necrophages
  5 scorpions
  A wight (D:8)
  6 howler monkeys
  6 orc priests
  A hound (D:5)
  2 jellies
  A gnoll bouda (D:8)
  Jessica (D:3)
  2 orc wizards (D:8)
  An iguana (D:7)
  Robin (D:3)
  4 gnolls (D:5)
  8 adders
  A shadow imp (D:7)
  A white imp (D:6)
  3 worms
  2 dart slugs
  19 orcs
  2 bats
  4 endoplasms
  3 giant cockroaches
  19 goblins
  16 hobgoblins
  7 jackals
  29 kobolds
  5 quokkas
  6 ball pythons
  5 frilled lizards
  4 rats
205 creatures vanquished.

Vanquished Creatures (collateral kills)
  The ghost of flt the Changer, a novice DgTm (D:6)
  A cyclops (D:6)
  An ogre (D:6)
  A phantom (D:6)
  An adder (D:6)
5 creatures vanquished.

Vanquished Creatures (others)
  5 plants
5 creatures vanquished.

Grand Total: 215 creatures vanquished

Notes
Turn   | Place    | Note
-------+----------+-------------------------------------------
     0 | D:1      | Gargoyl the Gargoyle Berserker began the quest for the Orb.
     0 | D:1      | Reached XP level 1. HP: 14/14 MP: 1/1
   134 | D:1      | Reached XP level 2. HP: 19/19 MP: 2/2
   148 | D:1      | Reached skill level 3 in Axes
   397 | D:1      | Found a faded altar of an unknown god.
   467 | D:1      | Reached XP level 3. HP: 24/24 MP: 3/3
   514 | D:1      | Reached ** piety under Trog
   826 | D:2      | Gained mutation: You possess an exceptional clarity of
                  | mind. [potion of mutation]
   837 | D:2      | You fall into a shaft and drop 1 floor!
   843 | D:3      | Found a snail-covered altar of Cheibriados.
  1030 | D:2      | Found a hide-covered altar of Uskayaw.
  1066 | D:2      | Reached XP level 4. HP: 29/29 MP: 4/4
  1404 | D:2      | Found Roppien's Antique Armour Boutique.
  1564 | D:2      | Reached skill level 1 in Short Blades
  2140 | D:3      | Reached *** piety under Trog
  2224 | D:3      | Reached XP level 5. HP: 26/33 MP: 5/5
  2234 | D:3      | Noticed Robin
  2249 | D:3      | Killed Robin
  2256 | D:3      | Reached skill level 4 in Axes
  2477 | D:3      | Noticed Grinder
  2523 | D:3      | Killed Grinder
  2524 | D:3      | Reached XP level 6. HP: 39/39 MP: 6/6
  2600 | D:3      | Noticed Jessica
  2611 | D:3      | Killed Jessica
  2727 | D:4      | Reached XP level 7. HP: 44/44 MP: 7/7
  2825 | D:4      | Reached skill level 5 in Axes
  2876 | D:4      | Found Exiad's Antique Armour Shop.
  3281 | D:4      | Reached skill level 1 in Shields
  3393 | D:5      | Entered Level 5 of the Dungeon
  3742 | D:5      | Noticed Eustachio
  3771 | D:5      | Killed Eustachio
  3772 | D:5      | Reached skill level 5 in Fighting
  3772 | D:5      | Reached skill level 6 in Axes
  3772 | D:5      | Reached XP level 8. HP: 32/49 MP: 8/8
  4439 | D:5      | Found a basalt altar of Yredelemnul.
  4440 | D:5      | Found a burning altar of Makhleb.
  4452 | D:5      | Found a stormy altar of Qazlal.
  4454 | D:5      | Found an iron altar of Okawaru.
  4454 | D:5      | Found a shadowy altar of Dithmenos.
  4559 | D:5      | Reached **** piety under Trog
  4726 | D:6      | Reached skill level 7 in Axes
  4726 | D:6      | Reached skill level 1 in Throwing
  4726 | D:6      | Reached skill level 5 in Armour
  5007 | D:6      | Reached XP level 9. HP: 45/55 MP: 9/9
  5210 | D:6      | Found a blossoming altar of Fedhas.
  5594 | D:2      | Bought a glowing kite shield for 180 gold pieces
  5893 | D:6      | Found a runed translucent gate.
  5893 | D:6      | Found a runed translucent gate.
  5893 | D:6      | Found a runed translucent gate.
  5893 | D:6      | Noticed a cyclops
  5894 | D:6      | Noticed flt's ghost (novice DgTm)
  6096 | D:6      | Killed flt's ghost
  6097 | D:6      | Reached skill level 8 in Axes
  6102 | D:6      | Killed a cyclops
  6192 | D:7      | Found a staircase to the Ecumenical Temple.
  6210 | D:7      | Reached skill level 5 in Shields
  6335 | D:7      | Reached XP level 10. HP: 53/61 MP: 10/10
  6420 | D:7      | Found Duech's Armour Boutique.
  6511 | D:7      | Reached skill level 9 in Axes
  7078 | D:8      | Noticed a boulder beetle
  7133 | D:8      | Noticed Maurice
  7191 | D:8      | HP: 3/61 [boulder beetle (6)]
  7229 | D:7      | Killed Maurice
  7747 | D:8      | Killed a boulder beetle
  8231 | D:8      | Noticed a rakshasa
  8232 | D:8      | Noticed a green ugly thing
  8344 | D:8      | Reached skill level 10 in Axes
  8344 | D:8      | Reached XP level 11. HP: 66/68 MP: 11/11
  8567 | D:2      | Bought a pair of glowing gloves for 180 gold pieces
  8867 | D:8      | Killed a white ugly thing
  8873 | D:8      | Slain by a rakshasa

Illustrated notes

Levels and vault maps discovered:
D:1:      lightli_molten_gateway, layout_basic,
          dreamdust_ecumenical_altar_grove, roderic_serpentine_path,
          minmay_tripent
D:2:      layout_basic, basic_altar, serial_shops, shop, serial_forest,
          infiniplex_forest_join, infiniplex_forest_lined_ring,
          infiniplex_forest_lined_2, infiniplex_forest_lined_room_3,
          infiniplex_forest_3_way, infiniplex_forest_zigzag_1,
          infiniplex_forest_lined_2, infiniplex_forest_split,
          kennysheep_cluttered_room, chequers_serial_rivers_micro_e,
          nicolae_elevator_lobby_asterisk
D:3:      layout_rooms, cheibriados_altar_1, serial_bayou_pond_a, uniq_grinder,
          uniq_robin, uniq_jessica
D:4:      layout_loops_ring, serial_shops, kennysheep_little_box
D:5:      layout_basic, grunt_temple_overflow_open, uniq_eustachio
D:6:      layout_basic, fedhas_altar_3, gammafunk_ghost_split
D:7:      layout_rooms, minmay_temple_entry_glass, serial_shops,
          nicolae_take_the_stairs
D:8:      layout_basic, minmay_the_grid_2x2 [minmay_the_grid_holed_spiral,
          minmay_the_grid_dragon_a, minmay_the_grid_rooms,
          minmay_the_grid_prize_diamond_cup], uniq_maurice

Skill      XL: |  1  2  3  4  5  6  7  8  9 10 |
---------------+-------------------------------+-----
Axes           | 3 4 6 7 8 10 | 10.1
Fighting       | 4 5 6 7 |  7.7
Dodging        | 2 3 |  3.3
Short Blades   | 1 |  1.7
Armour         | 3 4 5 6 7 |  7.3
Shields        | 1 2 5 8 |  8.4
Throwing       | 1 2 |  2.2
Stealth        | |  0.6

Action                   |  1- 3 |  4- 6 |  7- 9 | 10-12 || total
-------------------------+-------+-------+-------+-------++-------
Melee: Hand axe          |    46 |    73 |   310 |   391 ||   820
       Punch             |     2 |     1 |     5 |       ||     8
       Dagger            |    76 |    85 |       |       ||   161
Throw: Dart              |       |     6 |     9 |     8 ||    23
Invok: Trog's Hand       |       |     3 |     5 |    11 ||    19
       Berserk           |       |     2 |     4 |     5 ||    11
       Brothers in Arms  |       |       |     1 |       ||     1
  Use: Scroll            |     3 |     2 |    13 |     7 ||    25
       Potion            |     2 |       |       |     5 ||     7
Armor: Animal skin       |    14 |       |       |       ||    14
       Chain mail        |    67 |   116 |   175 |   136 ||   494
Dodge: Dodged            |    61 |    82 |   129 |    89 ||   361
Block: Other             |       |    11 |    59 |       ||    70
       Reflection        |       |       |     2 |     4 ||     6
       Kite shield       |       |       |    30 |   273 ||   303

Table legend: (Time is in decaauts)
 A = Elapsed time spent in this place.
 B = Non-inter-level travel time spent in this place.
 C = Inter-level travel time spent in this place.
 D = Time resting spent in this place.
 E = Time spent auto-exploring this place.
 F = Levels seen in this place.
 G = Mean time per level.
                   A        B        C        D        E       F      G
               +--------+--------+--------+--------+--------+-----+--------+
         Total |   8955 |   8129 |    826 |     65 |   6044 |   8 | 1119.4 |
       Dungeon |   8955 |   8129 |    826 |     65 |   6044 |   8 | 1119.4 |
               +--------+--------+--------+--------+--------+-----+--------+

Top non-repeatable levels by time:
     D:8: 1766 daAuts
     D:5: 1426 daAuts
     D:2: 1349 daAuts
     D:6: 1311 daAuts
     D:4: 801 daAuts
     D:1: 779 daAuts
     D:7: 762 daAuts
     D:3: 758 daAuts
